| TOP OF THE 1ST |
|
Decatur Commodores batting - Pitching for Cedar Rapids Cardinals : LHP Ricardo Acevedo
|
|
Pitching: LHP Ricardo Acevedo
|
|
|
Batting: SHB Roger Holt
|
0-0: Ball 1-0: Ball 2-0: Foul Ball, location: 2F 2-1: Foul Ball, location: 2F 2-2: Foul Ball, location: 2F 2-2: Fly out, F8 (Flyball, 8RD, EV 99.4 MPH)
|
|
Batting: LHB Jerry Miller
|
0-0: Ball 1-0: Ground out 6-3 (Groundball, 6, EV 83.8 MPH)
|
|
Batting: SHB Rondin Johnson
|
0-0: Ground out 4-3 (Groundball, 4, EV 105.0 MPH)
|
| Top of the 1st over - 0 runs, 0 hits, 0 errors, 0 left on base; Decatur 0 - Cedar Rapids 0 |
| BOTTOM OF THE 1ST |
|
Cedar Rapids Cardinals batting - Pitching for Decatur Commodores : RHP Rafael Vasquez
|
|
Pitching: RHP Rafael Vasquez
|
|
|
Batting: RHB Nehames Bernstine
|
0-0: Foul Ball, location: 2F 0-1: Swinging Strike 0-2: Ball 1-2: SOLO HOME RUN (Flyball, 78XD, EV 96.9 MPH), Distance : 402 ft
|
|
Batting: RHB Reggie D Williams
|
0-0: DOUBLE (Flyball, 89XD, EV 115.0 MPH)
|
|
Batting: RHB Winston Ficklin
|
0-0: Foul Ball, location: 2F 0-1: Foul Ball, location: 2F 0-2: SINGLE (Line Drive, 8RS, EV 102.5 MPH) Reggie D Williams to third Runner from 3rd tries for Home, SAFE, throw by CF to home
|
|
Batting: LHB Kyle Sanford
|
0-0: Ball 1-0: Ball 2-0: Ball 3-0: Called Strike 3-1: Base on Balls Winston Ficklin to second
|
|
Batting: RHB Carson Carroll
|
0-0: Ball 1-0: Swinging Strike 1-1: Ball 2-1: Foul Ball, location: 2F 2-2: Ball 3-2: Foul Ball, location: 2F 3-2: Base on Balls Winston Ficklin to third Kyle Sanford to second
|
|
Batting: LHB Chris Henry
|
0-0: Ball 1-0: Foul Ball, location: 2F 1-1: Ball 2-1: Ball 3-1: Grounds out, U3 (Groundball, 3L, EV 86.3 MPH) Winston Ficklin scores Kyle Sanford to third
|
|
Batting: RHB Dean Kornacker
|
0-0: Ball 1-0: SINGLE (Groundball, 56, EV 103.1 MPH) (infield hit) Kyle Sanford scores Carson Carroll to third
|
|
Batting: RHB Miguel Sosa
|
0-0: 3-RUN HOME RUN (Flyball, 7D, EV 97.5 MPH), Distance : 368 ft
|
|
Pitching: RHP Peyton Mosher
|
|
|
Batting: SHB Duane Johnson
|
0-0: Foul Ball, location: 2F 0-1: Called Strike 0-2: Ball 1-2: Foul Ball, location: 2F 1-2: Strikes out looking
|
|
Batting: RHB Nehames Bernstine
|
0-0: Called Strike 0-1: Foul Ball, location: 2F 0-2: Strikes out swinging
|
| Bottom of the 1st over - 7 runs, 5 hits, 0 errors, 0 left on base; Decatur 0 - Cedar Rapids 7 |
| TOP OF THE 2ND |
|
Decatur Commodores batting - Pitching for Cedar Rapids Cardinals : LHP Ricardo Acevedo
|
|
Batting: RHB Clifton Wilder
|
0-0: Ball 1-0: Ground out 5-3 (Groundball, 56, EV 81.9 MPH)
|
|
Batting: SHB Daniel Wieser
|
0-0: Ball 1-0: Called Strike 1-1: Foul Ball, location: 2F 1-2: Ball 2-2: Ball 3-2: Strikes out swinging
|
|
Batting: LHB David Showalter
|
0-0: Ball 1-0: Called Strike 1-1: Ball 2-1: Called Strike 2-2: Foul Ball, location: 5F, Error on foul ball, E5 2-2: SINGLE (Groundball, 34D, EV 101.9 MPH)
|
|
Batting: RHB Miguelito DeLaCruz
|
0-0: Ball 1-0: Called Strike 1-1: Ball 2-1: Swinging Strike 2-2: Ground out U3 (Groundball, 34, EV 82.5 MPH)
|
| Top of the 2nd over - 0 runs, 1 hit, 1 error, 1 left on base; Decatur 0 - Cedar Rapids 7 |
| BOTTOM OF THE 2ND |
|
Cedar Rapids Cardinals batting - Pitching for Decatur Commodores : RHP Peyton Mosher
|
|
Batting: RHB Reggie D Williams
|
0-0: Called Strike 0-1: Reached on error, E6 (Groundball, 4M, EV 91.3 MPH)
|
|
Batting: RHB Winston Ficklin
|
0-0: Ball 1-0: Ball 2-0: Called Strike Reggie D Williams is caught stealing 2nd base 2-4 2-1: Swinging Strike 2-2: Ball 3-2: Foul Ball, location: 2F 3-2: Fly out, F4 (Popup, 4D, EV 49.4 MPH)
|
|
Batting: LHB Kyle Sanford
|
0-0: Foul Ball, location: 2F 0-1: Foul Ball, location: 2F 0-2: Ball 1-2: Foul Ball, location: 2F 1-2: Foul Ball, location: 2F 1-2: Foul Ball, location: 2F 1-2: Ball 2-2: Ball 3-2: Foul Ball, location: 2F 3-2: Base on Balls
|
|
Batting: RHB Carson Carroll
|
0-0: 2-RUN HOME RUN (Flyball, 7LD, EV 93.1 MPH), Distance : 342 ft
|
|
Batting: LHB Chris Henry
|
0-0: Ball 1-0: Ball 2-0: Ground out 6-3 (Groundball, 4M, EV 80.6 MPH)
|
| Bottom of the 2nd over - 2 runs, 1 hit, 1 error, 0 left on base; Decatur 0 - Cedar Rapids 9 |
| TOP OF THE 3RD |
|
Decatur Commodores batting - Pitching for Cedar Rapids Cardinals : LHP Ricardo Acevedo
|
|
Batting: LHB Samuel Taves
|
0-0: DOUBLE (Line Drive, 9LM, EV 110.6 MPH)
|
|
Batting: RHB Rafael Sanchez
|
0-0: Called Strike 0-1: Ball 1-1: Foul Ball, location: 2F 1-2: Ball 2-2: Ball 3-2: Foul Ball, location: 2F 3-2: Fly out, F8 (Flyball, 8RXD, EV 97.5 MPH) Runner from 2nd tags up, SAFE at 3rd, no throw by CF
|
|
Batting: SHB Roger Holt
|
0-0: Foul Ball, location: 2F 0-1: Ball 1-1: Swinging Strike 1-2: Foul Ball, location: 2F 1-2: Foul Ball, location: 2F 1-2: Fly out, F8 (Flyball, 8RM, EV 93.8 MPH) Runner from 3rd tags up, SCORES, throw by CF
|
|
Batting: LHB Jerry Miller
|
0-0: Ball 1-0: Called Strike 1-1: Ball 2-1: SINGLE (Line Drive, 8RM, EV 103.8 MPH)
|
|
Batting: SHB Rondin Johnson
|
0-0: Fielders Choice at 2nd, 6-4 (Groundball, 6, EV 111.3 MPH)
|
| Top of the 3rd over - 1 run, 2 hits, 0 errors, 1 left on base; Decatur 1 - Cedar Rapids 9 |
| BOTTOM OF THE 3RD |
|
Cedar Rapids Cardinals batting - Pitching for Decatur Commodores : RHP Peyton Mosher
|
|
Batting: RHB Dean Kornacker
|
0-0: Ground out 4-3 (Groundball, 4, EV 111.3 MPH)
|
|
Batting: RHB Miguel Sosa
|
0-0: Ball 1-0: Swinging Strike 1-1: Foul Ball, location: 2F 1-2: Ball 2-2: Ball 3-2: Foul Ball, location: 2F 3-2: Strikes out swinging
|
|
Batting: SHB Duane Johnson
|
0-0: Ball 1-0: Called Strike 1-1: Ball 2-1: Foul Ball, location: 2F 2-2: Fly out, F8 (Flyball, 8LS, EV 96.3 MPH)
|
| Bottom of the 3rd over - 0 runs, 0 hits, 0 errors, 0 left on base; Decatur 1 - Cedar Rapids 9 |
| TOP OF THE 4TH |
|
Decatur Commodores batting - Pitching for Cedar Rapids Cardinals : LHP Ricardo Acevedo
|
|
Batting: RHB Clifton Wilder
|
0-0: Ball 1-0: Foul Ball, location: 2F 1-1: Ball 2-1: SINGLE (Groundball, 25, EV 70.6 MPH) (infield hit)
|
|
Batting: SHB Daniel Wieser
|
0-0: Called Strike 0-1: Called Strike 0-2: Ball 1-2: Foul Ball, location: 2F 1-2: Ball 2-2: Ball 3-2: Hit by Pitch Clifton Wilder to second
|
|
Batting: LHB David Showalter
|
0-0: Called Strike 0-1: Ground out 3-1 (Groundball, 34S, EV 76.3 MPH) Clifton Wilder to third Daniel Wieser to second
|
|
Batting: RHB Miguelito DeLaCruz
|
0-0: Called Strike 0-1: Ball 1-1: Ball 2-1: SINGLE (Line Drive, 3D, EV 100.0 MPH) Clifton Wilder scores Daniel Wieser to third Runner from 3rd tries for Home, throw by RF and OUT! 9-2
|
|
Now in RF: Chris Gandy
|
|
|
Batting: LHB Samuel Taves
|
0-0: Ball 1-0: Ball 2-0: Ball 3-0: Called Strike 3-1: Foul Ball, location: 2F 3-2: Foul Ball, location: 2F 3-2: Foul Ball, location: 2F 3-2: Strikes out swinging
|
| Top of the 4th over - 1 run, 2 hits, 0 errors, 1 left on base; Decatur 2 - Cedar Rapids 9 |
| BOTTOM OF THE 4TH |
|
Cedar Rapids Cardinals batting - Pitching for Decatur Commodores : RHP Peyton Mosher
|
|
Batting: RHB Chris Gandy
|
0-0: Ball 1-0: Reached on error, E6 (Groundball, 56, EV 95.6 MPH)
|
|
Batting: RHB Reggie D Williams
|
0-0: Called Strike 0-1: Foul Ball, location: 2F 0-2: Foul Ball, location: 2F 0-2: Fly out, F8 (Line Drive, 8RM, EV 95.0 MPH)
|
|
Batting: RHB Winston Ficklin
|
0-0: Ball 1-0: Fly out, F8 (Flyball, 8RD, EV 90.6 MPH)
|
|
Batting: LHB Kyle Sanford
|
0-0: Ball 1-0: Called Strike 1-1: Ball 2-1: Fly out, F9 (Flyball, 9LM, EV 96.3 MPH)
|
| Bottom of the 4th over - 0 runs, 0 hits, 1 error, 1 left on base; Decatur 2 - Cedar Rapids 9 |
| TOP OF THE 5TH |
|
Decatur Commodores batting - Pitching for Cedar Rapids Cardinals : LHP Ricardo Acevedo
|
|
Batting: RHB Rafael Sanchez
|
0-0: Called Strike 0-1: Ground out 6-3 (Groundball, 6, EV 85.6 MPH)
|
|
Batting: SHB Roger Holt
|
0-0: Foul Ball, location: 2F 0-1: Ball 1-1: Fly out, F7 (Line Drive, 7, EV 95.0 MPH)
|
|
Batting: LHB Jerry Miller
|
0-0: Ground out 3-1 (Groundball, 34, EV 82.5 MPH)
|
| Top of the 5th over - 0 runs, 0 hits, 0 errors, 0 left on base; Decatur 2 - Cedar Rapids 9 |
| BOTTOM OF THE 5TH |
|
Cedar Rapids Cardinals batting - Pitching for Decatur Commodores : RHP Peyton Mosher
|
|
Batting: RHB Carson Carroll
|
0-0: Ground out 6-3 (Groundball, 6MD, EV 76.9 MPH)
|
|
Batting: LHB Chris Henry
|
0-0: Ball 1-0: Called Strike 1-1: Swinging Strike 1-2: Ball 2-2: Ball 3-2: Base on Balls
|
|
Pitching: LHP James Oates
|
|
|
Batting: RHB Dean Kornacker
|
0-0: Fly out, F7 (Flyball, 7D, EV 76.9 MPH)
|
|
Batting: RHB Miguel Sosa
|
0-0: Ball 1-0: Fly out, F4 (Popup, 34S, EV 73.1 MPH)
|
| Bottom of the 5th over - 0 runs, 0 hits, 0 errors, 1 left on base; Decatur 2 - Cedar Rapids 9 |
| TOP OF THE 6TH |
|
Decatur Commodores batting - Pitching for Cedar Rapids Cardinals : LHP Ricardo Acevedo
|
|
Batting: SHB Rondin Johnson
|
0-0: Ground out 4-3 (Groundball, 4, EV 103.1 MPH)
|
|
Batting: RHB Clifton Wilder
|
0-0: Ground out 3-1 (Groundball, 34, EV 79.4 MPH)
|
|
Batting: SHB Daniel Wieser
|
0-0: Ball 1-0: Called Strike 1-1: Ball 2-1: Foul Ball, location: 2F 2-2: Ball 3-2: Strikes out swinging
|
| Top of the 6th over - 0 runs, 0 hits, 0 errors, 0 left on base; Decatur 2 - Cedar Rapids 9 |
| BOTTOM OF THE 6TH |
|
Cedar Rapids Cardinals batting - Pitching for Decatur Commodores : LHP James Oates
|
|
Batting: SHB Duane Johnson
|
0-0: Called Strike 0-1: Foul Ball, location: 2F 0-2: Ball 1-2: Ball 2-2: Foul Ball, location: 2F 2-2: Fly out, F8 (Line Drive, 8RD, EV 95.0 MPH)
|
|
Batting: RHB Chris Gandy
|
0-0: Ground out 5-3 (Groundball, 56S, EV 71.9 MPH)
|
|
Batting: RHB Reggie D Williams
|
0-0: Ball 1-0: Swinging Strike 1-1: Swinging Strike 1-2: Strikes out swinging, 2-3 out at first.
|
| Bottom of the 6th over - 0 runs, 0 hits, 0 errors, 0 left on base; Decatur 2 - Cedar Rapids 9 |
| TOP OF THE 7TH |
|
Decatur Commodores batting - Pitching for Cedar Rapids Cardinals : LHP Ricardo Acevedo
|
|
Batting: LHB David Showalter
|
0-0: Called Strike 0-1: Foul Ball, location: 2F 0-2: Ball 1-2: Fly out, F7 (Flyball, 7S, EV 91.3 MPH)
|
|
Batting: RHB Miguelito DeLaCruz
|
0-0: Ball 1-0: Called Strike 1-1: Ball 2-1: Ball 3-1: Foul Ball, location: 2F 3-2: SINGLE (Line Drive, 89S, EV 103.1 MPH)
|
|
Pinch Hitting: RHB Donald Johnson
|
0-0: Ball Pickoff Throw to First - Out! 1-3 1-0: Called Strike 1-1: Ball 2-1: Swinging Strike 2-2: Strikes out swinging
|
| Top of the 7th over - 0 runs, 1 hit, 0 errors, 0 left on base; Decatur 2 - Cedar Rapids 9 |
| BOTTOM OF THE 7TH |
|
Cedar Rapids Cardinals batting - Pitching for Decatur Commodores : LHP James Oates
|
|
Now in LF: Donald Johnson
|
|
|
Pinch Hitting: RHB Robert Doerrer
|
0-0: Ball 1-0: Called Strike 1-1: Foul Ball, location: 2F 1-2: Ball 2-2: Foul Ball, location: 2F 2-2: Ball 3-2: Fly out, F7 (Flyball, 7LS, EV 91.3 MPH)
|
|
Batting: LHB Kyle Sanford
|
0-0: Foul Ball, location: 2F 0-1: Foul Ball, location: 2F 0-2: Foul Ball, location: 2F 0-2: SINGLE (Flyball, 8LS, EV 91.3 MPH)
|
|
Pinch Hitting: SHB Bruce Amador
|
0-0: Swinging Strike 0-1: Foul Ball, location: 2F 0-2: Ball 1-2: Reached on error, E6 (Groundball, 6, EV 79.4 MPH) Kyle Sanford to second
|
|
Batting: LHB Chris Henry
|
0-0: SINGLE (Groundball, 4MD, EV 98.1 MPH) (infield hit) Kyle Sanford to third Bruce Amador to second
|
|
Batting: RHB Dean Kornacker
|
0-0: Called Strike 0-1: Called Strike 0-2: SINGLE (Flyball, 5D, EV 90.6 MPH) Kyle Sanford scores Bruce Amador to third Chris Henry to second
|
|
Batting: RHB Miguel Sosa
|
0-0: Called Strike 0-1: Ball 1-1: Grounds into double play, 6-4-3 (Groundball, 56, EV 84.4 MPH)
|
| Bottom of the 7th over - 1 run, 3 hits, 1 error, 2 left on base; Decatur 2 - Cedar Rapids 10 |
| TOP OF THE 8TH |
|
Decatur Commodores batting - Pitching for Cedar Rapids Cardinals : LHP Ricardo Acevedo
|
|
Now at 1B: Paul Bard
|
|
|
Now at 2B: Robert Doerrer
|
|
|
Batting: RHB Rafael Sanchez
|
0-0: Ground out 6-3 (Groundball, 6, EV 82.5 MPH)
|
|
Pinch Hitting: LHB Steven Jerman
|
0-0: Ball 1-0: Ball 2-0: Called Strike 2-1: Swinging Strike 2-2: Fly out, F8 (Flyball, 89D, EV 73.8 MPH)
|
|
Batting: LHB Jerry Miller
|
0-0: Foul Ball, location: 2F 0-1: Called Strike 0-2: Ball 1-2: Ground out 6-3 (Groundball, 6, EV 82.5 MPH)
|
| Top of the 8th over - 0 runs, 0 hits, 0 errors, 0 left on base; Decatur 2 - Cedar Rapids 10 |
| BOTTOM OF THE 8TH |
|
Cedar Rapids Cardinals batting - Pitching for Decatur Commodores : LHP James Oates
|
|
Now at 2B: Steven Jerman
|
|
|
Batting: SHB Duane Johnson
|
0-0: Ball 1-0: Ball 2-0: Ball 3-0: Base on Balls
|
|
Batting: RHB Chris Gandy
|
0-0: Fly out, F8 (Flyball, 8RXD, EV 100.6 MPH)
|
|
Batting: RHB Reggie D Williams
|
0-0: Ball 1-0: Ball 2-0: Ball 3-0: Base on Balls Duane Johnson to second
|
|
Pitching: RHP Denny Schafer
|
|
|
Batting: RHB Robert Doerrer
|
0-0: Fielders Choice at 2nd, 1-4 (Groundball, 15S, EV 69.4 MPH) Duane Johnson to third
|
|
Batting: LHB Kyle Sanford
|
0-0: Called Strike 0-1: Foul Ball, location: 2F 0-2: Fly out, F7 (Flyball, 7S, EV 90.6 MPH)
|
| Bottom of the 8th over - 0 runs, 0 hits, 0 errors, 2 left on base; Decatur 2 - Cedar Rapids 10 |
| TOP OF THE 9TH |
|
Decatur Commodores batting - Pitching for Cedar Rapids Cardinals : LHP Ricardo Acevedo
|
|
Pinch Hitting: RHB William Kelley
|
0-0: Ball 1-0: Called Strike 1-1: Fly out, F5 (Line Drive, 5, EV 64.4 MPH)
|
|
Batting: RHB Clifton Wilder
|
0-0: Swinging Strike 0-1: Foul Ball, location: 2F 0-2: Ball 1-2: Strikes out looking
|
|
Batting: SHB Daniel Wieser
|
0-0: Foul Ball, location: 2F 0-1: Ball 1-1: SINGLE (Groundball, 6, EV 101.3 MPH)
|
|
Batting: LHB David Showalter
|
0-0: Ball 1-0: Ball 2-0: Ground out 5-3 (Groundball, 56S, EV 83.1 MPH)
|
| Top of the 9th over - 0 runs, 1 hit, 0 errors, 1 left on base; Decatur 2 - Cedar Rapids 10 |
|